[Event "Titled Tuesday Blitz January 31 Early 2023"]
[White "Pein, Jonathan"]
[Black "Baruch, Liam"]
[WhiteFideId "417092"]
[BlackFideId "14322064"]
[WhiteElo "2265"]
[BlackElo "1718"]
[Result "1-0"]
[Round "04"]
[TimeControl "180+2"]
[Date "2023.01.31"]
[WhiteClock "0:00:12"]
[BlackClock "0:00:03"]

1. b3 d5 2. Bb2 e6 3. e4 dxe4 4. Nc3 Nf6 5. g4 h6 6. Qe2 Nc6 7. Nxe4 Nxe4 8. Qxe4 Qd5 9. Bg2 Qxe4+ 10. Bxe4 f6 11. Bg6+ Kd8 12. O-O-O e5 13. h3 Bd6 14. Ne2 Ne7 15. Be4 c6 16. d4 Kc7 17. c4 exd4 18. c5 Be5 19. f4 d3 20. fxe5 dxe2 21. Rd2 Nd5 22. exf6 gxf6 23. Rxe2 Re8 24. Rhe1 Nf4 25. Re3 Rxe4 26. Rxe4 Nd3+ 27. Kc2 Nxe1+ 28. Rxe1 f5 29. Re7+ Kd8 30. Bf6 fxg4 31. hxg4 Bd7 32. Rh7+ Kc7 33. Be5+ Kd8 34. Rxh6 Rc8 35. Rh8+ Ke7 36. Bd6+ Ke6 37. Rh7 Rd8 38. g5 Kd5 39. Bc7 Bf5+ 40. Kc3 Re8 41. Rf7 Re3+ 42. Kb2 Re2+ 43. Ka3 Be6 44. Re7 Rg2 45. Bf4 a6 46. Re8 Bf7 47. Re5+ Kd4 48. Rf5 Bd5 49. Rf6 Be4 50. Bd6 Bb1 51. Rf4+ Kd3 52. Rf3+ Ke4 53. Rg3 Rxa2+ 54. Kb4 a5+ 55. Kc3 Bd3 56. Rxd3 Rg2 57. Rg3 Re2 58. g6 Re1 59. g7 Rc1+ 60. Kb2 a4 61. bxa4 b5 62. cxb6 Rb1+ 63. Kxb1 Kd4 64. g8=Q c5 65. Rg4+ 1-0


[Site "https://www.chess.com"]

[Event "Titled Tuesday Blitz January 31 Early 2023"]
[White "Delorme, Alban"]
[Black "Indjic, Aleksandar"]
[WhiteFideId "623636"]
[BlackFideId "911925"]
[WhiteElo "2298"]
[BlackElo "2618"]
[Result "0-1"]
[Round "04"]
[TimeControl "180+2"]
[Date "2023.01.31"]
[WhiteClock "0:00:47"]
[BlackClock "0:00:28"]

1. e4 d5 2. exd5 Qxd5 3. Nc3 Qd6 4. d4 Nf6 5. Nf3 a6 6. Bc4 b5 7. Bb3 e6 8. O-O Bb7 9. Re1 Be7 10. Ne5 O-O 11. Bf4 Qd8 12. Qe2 b4 13. Nxf7 Qd7 14. Bxe6 Qxd4 15. Be5 Qb6 16. Ng5+ Kh8 17. Bxf6 Rxf6 18. Qh5 Qxf2+ 0-1


[Site "https://www.chess.com"]

[Event "Titled Tuesday Blitz January 31 Early 2023"]
[White "Myshakov, Fyodor"]
[Black "Ibarra Jerez, Jose Carlos"]
[WhiteFideId "14111284"]
[BlackFideId "2226332"]
[WhiteElo "2292"]
[BlackElo "2563"]
[Result "1-0"]
[Round "04"]
[TimeControl "180+2"]
[Date "2023.01.31"]
[WhiteClock "0:00:13"]
[BlackClock "0:00:06"]

1. c4 e5 2. Nc3 Nc6 3. Nf3 f5 4. d3 Bb4 5. Bd2 Nf6 6. g3 Bxc3 7. Bxc3 d6 8. Bg2 O-O 9. O-O Qe8 10. b4 Qh5 11. b5 Nd8 12. e3 f4 13. exf4 exf4 14. Nd2 Bg4 15. f3 Bd7 16. Bxf6 Rxf6 17. g4 Qe5 18. Ne4 Qd4+ 19. Kh1 Rf8 20. Qd2 Ne6 21. a4 Rae8 22. Rfe1 Nc5 23. Nxc5 dxc5 24. Rad1 Re3 25. Re2 Rfe8 26. Rde1 h6 27. Rxe3 Rxe3 28. Rxe3 fxe3 29. Qe2 g5 30. Bf1 Be8 31. Kg2 Bg6 32. h3 Kg7 33. a5 b6 34. axb6 axb6 35. Kg3 Kf6 36. Kg2 Ke5 37. Kg3 Kd6 38. Kg2 c6 39. bxc6 Kxc6 40. Qc2 Kb7 41. Qe2 Be8 42. Qc2 Bc6 43. Be2 Qf4 44. Qc3 Qd4 45. Qc1 Kc7 46. Kg3 h5 47. Kg2 hxg4 48. Qe1 gxf3+ 49. Bxf3 Qb2+ 50. Kg3 Qe5+ 51. Kg2 Qf4 52. Bxc6 Kxc6 53. Qe2 Kd6 54. Qf3 Kc7 55. Qe2 Kd8 56. Qf3 Kc7 57. Qe2 Qe5 58. Qf3 e2 59. Qf7+ Kb8 60. Qg8+ Kb7 61. Qg7+ Ka6 62. Qxe5 e1=Q 63. Qxe1 1-0


[Site "https://www.chess.com"]

[Event "Titled Tuesday Blitz January 31 Early 2023"]
[White "Fernandez Garcia, Gumersindo"]
[Black "Borges Feria, Yasel"]
[WhiteFideId "24516740"]
[BlackFideId "3504921"]
[WhiteElo "2160"]
[BlackElo "2439"]
[Result "0-1"]
[Round "04"]
[TimeControl "180+2"]
[Date "2023.01.31"]
[WhiteClock "0:00:04"]
[BlackClock "0:00:19"]

1. b3 c6 2. Bb2 d5 3. g3 Nf6 4. Bg2 Bf5 5. Nf3 e6 6. O-O h6 7. d3 Nbd7 8. c4 Bc5 9. d4 Be7 10. Nbd2 O-O 11. Ne5 a5 12. a3 Bh7 13. Re1 Ne4 14. Nxe4 Bxe4 15. Bxe4 dxe4 16. Nxd7 Qxd7 17. Qc2 f5 18. Rad1 Bf6 19. f3 exf3 20. exf3 Rfe8 21. f4 Rad8 22. Kg2 b5 23. Bc3 a4 24. cxb5 Qd5+ 25. Kg1 axb3 26. Qg2 cxb5 27. Qxd5 Rxd5 28. Bb2 Kf7 29. Rd3 Rb8 30. Red1 Rc8 31. Rxb3 Rc2 32. Kh1 g5 33. fxg5 hxg5 34. h3 f4 35. gxf4 gxf4 36. Rb4 Kg6 37. Rf1 Kf5 38. Bc1 Bg5 39. a4 bxa4 40. Rxa4 Rb5 41. d5 e5 42. d6 Rd5 43. Ra6 Rc3 44. Kg2 Rcd3 45. h4 Bxh4 46. Ba3 Kg4 47. Ra7 Rg3+ 48. Kh1 Rh3+ 49. Kg1 Rdd3 50. Rg7+ Kf5 51. d7 Bf6 0-1


[Site "https://www.chess.com"]

[Event "Titled Tuesday Blitz January 31 Early 2023"]
[White "Oganian, Miran"]
[Black "Gheorghiu, Calin"]
[WhiteFideId "4122488"]
[BlackFideId "1200305"]
[WhiteElo "2439"]
[BlackElo "2313"]
[Result "1/2-1/2"]
[Round "04"]
[TimeControl "180+2"]
[Date "2023.01.31"]
[WhiteClock "0:00:04"]
[BlackClock "0:00:04"]

1. e4 c5 2. Nf3 d6 3. Bb5+ Nd7 4. d4 cxd4 5. Qxd4 a6 6. Bxd7+ Bxd7 7. c4 Nf6 8. Nc3 e5 9. Qd3 Be7 10. Bg5 O-O 11. O-O b5 12. b3 bxc4 13. bxc4 Rc8 14. Bxf6 Bxf6 15. Nd5 g6 16. Rad1 Bg7 17. h3 f5 18. Nc3 Be6 19. Nd5 fxe4 20. Qxe4 Bf5 21. Qe2 e4 22. Nd4 Qh4 23. g3 Qd8 24. Nxf5 gxf5 25. Nf4 Qf6 26. Qd2 Rxc4 27. Qd5+ Qf7 28. Ne6 Rfc8 29. Nxg7 Qxd5 30. Rxd5 Kxg7 31. Rxf5 R8c5 32. Rf4 d5 33. Kg2 Rc2 34. Rb1 Rxa2 35. Rb7+ Kg6 36. Rb6+ Kg7 37. Rb7+ Kg6 38. Rbf7 Rc6 39. h4 e3 40. h5+ Kxh5 41. Rh4+ Kg6 42. Rfxh7 Rxf2+ 43. Kh3 Rcc2 44. R4h6+ Kf5 45. Rh5+ Ke4 46. Re7+ Kd4 47. Rh4+ Kd3 48. Ra4 d4 49. Rd7 Rh2+ 50. Kg4 Rc4 51. Ra3+ Rc3 52. Ra4 Rc4 53. Ra3+ Ke4 54. Re7+ Kd5 55. Ra5+ Kd6 56. Rae5 d3+ 57. Kf3 d2 58. R5e6+ Kc5 59. Rd7 Kb4 60. Kxe3 Rc3+ 61. Kf4 Rf2+ 62. Kg5 Rc1 63. Rb6+ Kc5 64. Rbd6 Rc2 65. Rd5+ Kc4 66. g4 a5 67. Rxa5 Kb4 68. Rad5 Rc5 69. Kg6 Rxd5 70. Rxd5 Kc3 71. g5 Kc2 72. Rc5+ Kd3 73. Rd5+ Ke4 74. Rd8 Ke3 75. Kh7 Rf7+ 76. Kg8 Rf5 77. g6 Rg5 78. Kf7 Ke2 79. Kf6 Rxg6+ 80. Kxg6 d1=Q 81. Rxd1 Kxd1 1/2-1/2


[Site "https://www.chess.com"]

[Event "Titled Tuesday Blitz January 31 Early 2023"]
[White "Fernandez, Michael"]
[Black "Zahid, Sanatan"]
[WhiteFideId "5803560"]
[BlackFideId "10201963"]
[WhiteElo "2181"]
[BlackElo "1930"]
[Result "0-1"]
[Round "04"]
[TimeControl "180+2"]
[Date "2023.01.31"]
[WhiteClock "0:00:05"]
[BlackClock "0:01:44"]

1. b4 Nf6 2. Bb2 g6 3. Nf3 Bg7 4. e3 O-O 5. Be2 b6 6. O-O Bb7 7. a4 a6 8. d4 d6 9. c4 a5 10. b5 Nbd7 11. Nc3 Ne4 12. Qc2 Nxc3 13. Bxc3 e5 14. Rfd1 Qe7 15. dxe5 dxe5 16. Nd2 Nc5 17. Bf3 e4 18. Be2 Rad8 19. Bxg7 Kxg7 20. Nf1 Qe5 21. Rxd8 Qxa1 22. Rxf8 Kxf8 23. Qd2 Ke7 24. h4 h5 25. Kh2 Qe5+ 26. Ng3 Nxa4 27. f4 exf3 28. Bxf3 Bxf3 29. gxf3 Nc5 30. f4 Qe6 31. Qc3 f6 32. Qc2 Qg4 33. f5 Qxh4+ 34. Kg2 Qg4 35. fxg6 h4 36. Qf2 Qxg3+ 0-1


[Site "https://www.chess.com"]

[Event "Titled Tuesday Blitz January 31 Early 2023"]
[White "Urbina Perez, Juan Antonio"]
[Black "Oro, Faustino"]
[WhiteFideId "2217368"]
[BlackFideId "20000197"]
[WhiteElo "2266"]
[BlackElo "2269"]
[Result "1-0"]
[Round "04"]
[TimeControl "180+2"]
[Date "2023.01.31"]
[WhiteClock "0:00:30"]
[BlackClock "0:00:14"]

1. e4 c5 2. Nf3 d6 3. d4 cxd4 4. Nxd4 Nf6 5. Nc3 a6 6. Be3 e5 7. Nf3 Be7 8. Bc4 O-O 9. O-O Be6 10. Bxe6 fxe6 11. a4 Nc6 12. h3 d5 13. exd5 exd5 14. Bg5 d4 15. Bxf6 Rxf6 16. Ne4 Rf4 17. Re1 Qd5 18. Nfd2 Raf8 19. f3 Nd8 20. c3 Ne6 21. Qb3 Rd8 22. Qxd5 Rxd5 23. Re2 dxc3 24. bxc3 Rd3 25. Rb1 Nd8 26. Nc4 Rd5 27. Kh2 Rf7 28. Rbb2 Bf8 29. Rbd2 Rxd2 30. Rxd2 Nc6 31. Rd5 Rc7 32. Nxe5 Nxe5 33. Rxe5 Rc6 34. Rd5 h6 35. Rd7 b5 36. axb5 axb5 37. Rb7 Ra6 38. Rxb5 Ra2 39. Rb8 Kf7 40. Rb7+ Kg6 41. Kg3 Rc2 42. h4 Ba3 43. Rb6+ Kh7 44. Kh3 Bc1 45. Rc6 Bf4 46. g3 Be5 47. Rc5 Bb8 48. Rc8 Ba7 49. h5 Be3 50. Rc7 Kg8 51. Kg4 Bb6 52. Rc8+ Kf7 53. c4 Bd4 54. c5 Rc4 55. Nd6+ 1-0


[Site "https://www.chess.com"]

[Event "Titled Tuesday Blitz January 31 Early 2023"]
[White "Alex_Sahakyan2006"]
[Black "Begunov, Konstantin"]
[BlackFideId "4118510"]
[WhiteElo "2661"]
[BlackElo "2325"]
[Result "1-0"]
[Round "04"]
[TimeControl "180+2"]
[Date "2023.01.31"]
[WhiteClock "0:01:31"]
[BlackClock "0:00:06"]

1. e4 c5 2. Nc3 d6 3. d4 cxd4 4. Qxd4 Nc6 5. Qd2 Nf6 6. b3 e6 7. Bb2 Be7 8. O-O-O a6 9. f4 O-O 10. Nf3 Qa5 11. Kb1 Rd8 12. Rg1 b5 13. Bd3 Bb7 14. g4 d5 15. exd5 Nxd5 16. Nxd5 Rxd5 17. Qxa5 Nxa5 18. Nd2 Rad8 19. Ne4 Nc6 20. a3 Nd4 21. Nc3 R5d7 22. Be4 Nf3 23. Rxd7 Rxd7 24. Bxf3 Bxf3 25. a4 b4 26. Na2 Bc5 27. Rg3 Rd1+ 28. Nc1 Rf1 29. h4 a5 30. h5 f6 31. h6 Kf7 32. hxg7 Kxg7 33. g5 Kf7 34. gxf6 h5 35. Rg7+ Kf8 36. Ka2 Be3 37. Nd3 Be4 38. Ne5 Bxc2 39. Nd7+ Ke8 40. f7+ Kxd7 41. f8=Q+ Kc6 42. Qc8+ Kd5 43. Rd7+ Ke4 44. Qxc2+ 1-0


[Site "https://www.chess.com"]

[Event "Titled Tuesday Blitz January 31 Early 2023"]
[White "Samant Aditya S"]
[Black "Melaugh, Shane"]
[WhiteFideId "35080580"]
[BlackFideId "2509580"]
[WhiteElo "2501"]
[BlackElo "2115"]
[Result "1-0"]
[Round "04"]
[TimeControl "180+2"]
[Date "2023.01.31"]
[WhiteClock "0:00:36"]
[BlackClock "0:00:37"]

1. d4 e6 2. Bf4 d5 3. e3 Nf6 4. Nd2 c5 5. c3 Nc6 6. Ngf3 Nh5 7. Bg5 Be7 8. Bxe7 Qxe7 9. Bd3 f5 10. Ne5 Nxe5 11. dxe5 g6 12. O-O O-O 13. f4 c4 14. Be2 Qc5 15. Bxh5 Qxe3+ 16. Kh1 gxh5 17. Rf3 Qb6 18. Rg3+ Kh8 19. Qxh5 Qxb2 20. Rb1 Qa3 21. Qg5 Qe7 22. Qxe7 Rf7 23. Qe8+ Rf8 24. Qxf8# 1-0


[Site "https://www.chess.com"]

[Event "Titled Tuesday Blitz January 31 Early 2023"]
[White "Florescu, Codrut-Constantin"]
[Black "Devaev, Alexander"]
[WhiteFideId "1202200"]
[BlackFideId "4169395"]
[WhiteElo "2259"]
[BlackElo "2325"]
[Result "0-1"]
[Round "04"]
[TimeControl "180+2"]
[Date "2023.01.31"]
[WhiteClock "0:00:15"]
[BlackClock "0:00:05"]

1. e4 c6 2. d4 d5 3. e5 Bf5 4. Bd3 Bxd3 5. Qxd3 e6 6. Nf3 Qa5+ 7. Nbd2 Qa6 8. c4 Ne7 9. O-O Nd7 10. b3 Ng6 11. Bb2 Bb4 12. Rfc1 O-O 13. Qe3 Bxd2 14. Qxd2 Rac8 15. a4 Rfd8 16. Ba3 dxc4 17. bxc4 Ndxe5 18. Nxe5 Nxe5 19. Qc3 Ng6 20. a5 h6 21. Bb2 Rd7 22. g3 Rcd8 23. Rd1 b5 24. h4 bxc4 25. d5 f6 26. Qc2 Nf8 27. dxe6 Rxd1+ 28. Rxd1 Rxd1+ 29. Qxd1 Nxe6 30. Qd6 Qc8 31. a6 Kf7 32. Ba3 Qc7 33. Qb4 c5 34. Qxc4 Qc6 35. h5 Kg8 36. Bb2 Kf7 37. Qb3 Qb6 38. Qc2 Qxa6 39. Qg6+ Kf8 40. Bxf6 gxf6 41. Qxh6+ Ke8 42. Qxf6 Qe2 43. h6 Qd1+ 44. Kg2 Qd5+ 45. f3 Nf8 46. Qg7 Qd2+ 47. Kh3 Qd7+ 48. g4 Qd1 49. Qf6 Qh1+ 50. Kg3 Qe1+ 51. Kg2 Qe7 52. Kh3 Qxf6 0-1


[Site "https://www.chess.com"]

[Event "Titled Tuesday Blitz January 31 Early 2023"]
[White "Jimenez, Joaquin"]
[Black "Jianu, Vlad-Cristian"]
[WhiteFideId "109860"]
[BlackFideId "1208110"]
[WhiteElo "2195"]
[BlackElo "2504"]
[Result "1-0"]
[Round "04"]
[TimeControl "180+2"]
[Date "2023.01.31"]
[WhiteClock "0:00:38"]
[BlackClock "0:00:24"]

1. e4 c5 2. Nf3 Nc6 3. d4 cxd4 4. Nxd4 Nf6 5. Nc3 e5 6. Ndb5 d6 7. Bg5 a6 8. Na3 b5 9. Bxf6 gxf6 10. Nd5 f5 11. Bxb5 axb5 12. Nxb5 Ra4 13. Nbc7+ Kd7 14. O-O Rxe4 15. Qh5 Nd4 16. c4 Kc6 17. Qxf7 Qd7 18. Qh5 Qg7 19. Qe8+ Kb7 20. Qa4 Qxc7 21. Nxc7 Kxc7 22. Rfe1 Rg4 23. Kf1 Rhg8 24. g3 Bh6 25. Rad1 f4 26. Rxd4 exd4 27. Re7+ Kd8 28. Rxh7 fxg3 29. hxg3 Bg7 30. Qa5+ Ke8 31. Qc7 Be6 32. Qxd6 Bxc4+ 33. Kg2 Bf7 34. Rh1 Bxa2 35. Ra1 Bb3 36. Ra8+ Kf7 37. Ra7+ 1-0


[Site "https://www.chess.com"]

[Event "Titled Tuesday Blitz January 31 Early 2023"]
[White "Klose, Eli"]
[Black "Wahedi, Ahmad Siar"]
[WhiteFideId "16242955"]
[BlackFideId "4651260"]
[WhiteElo "1519"]
[BlackElo "2274"]
[Result "1-0"]
[Round "04"]
[TimeControl "180+2"]
[Date "2023.01.31"]
[WhiteClock "0:00:18"]
[BlackClock "0:00:44"]

1. e4 e6 2. Nf3 c5 3. Nc3 Nc6 4. d4 cxd4 5. Nxd4 Nf6 6. Nxc6 dxc6 7. Qxd8+ Kxd8 8. Bg5 Be7 9. O-O-O+ Nd7 10. Be3 b6 11. f4 Bb7 12. Be2 Kc7 13. Bf3 e5 14. Bg4 Rad8 15. Bxd7 Rxd7 16. fxe5 Rhd8 17. Rxd7+ Rxd7 18. Bf4 Kd8 19. Rd1 Rxd1+ 20. Kxd1 Kd7 21. Ke2 Ke6 22. Kf3 Bd8 23. Ne2 c5 24. Bg3 g5 25. Nc1 h5 26. h3 Bc7 27. h4 g4+ 28. Ke3 f6 29. Nd3 c4 30. Nf4+ Kf7 31. e6+ Ke8 32. Nxh5 Be5 33. Bxe5 fxe5 34. Nf6+ Ke7 35. Nxg4 Kxe6 36. Nf2 Bc6 37. g4 Be8 38. Nh1 Kf6 39. Ng3 Bd7 40. g5+ Kg6 41. b3 cxb3 42. cxb3 a5 43. Kd3 Be6 44. Kc3 b5 45. a3 Bd7 46. b4 a4 47. Kd3 Bg4 48. Ke3 Be6 49. Kf3 Bd7 50. Nf5 Be6 51. Kg3 Bd7 52. Kg4 Be6 53. h5+ Kf7 54. Kh4 Bd7 55. Nh6+ Kg7 56. Ng4 Be6 57. g6 Bb3 58. Kg5 Bc2 59. h6+ Kf8 60. g7+ Kf7 61. Nf6 Ke7 62. g8=Q Bb3 63. Qe8+ Kd6 64. Qd7# 1-0


[Site "https://www.chess.com"]

[Event "Titled Tuesday Blitz January 31 Early 2023"]
[White "Skvortsov, Andrei"]
[Black "Sowul, Bartosz"]
[WhiteFideId "24108600"]
[BlackFideId "1137590"]
[WhiteElo "2313"]
[BlackElo "2269"]
[Result "1-0"]
[Round "04"]
[TimeControl "180+2"]
[Date "2023.01.31"]
[WhiteClock "0:01:21"]
[BlackClock "0:00:37"]

1. e4 c5 2. Ne2 Nc6 3. Nbc3 Nf6 4. d3 e6 5. f4 d5 6. e5 Ng4 7. Ng1 h5 8. Nf3 Nd4 9. Nxd4 cxd4 10. Ne2 Bc5 11. h3 Nh6 12. g3 Nf5 13. Bg2 b5 14. O-O Bd7 15. Kh2 f6 16. exf6 gxf6 17. h4 Kf7 18. Bh3 Nh6 19. Ng1 Ng4+ 20. Bxg4 hxg4 21. Qxg4 e5 22. f5 Qf8 23. Nh3 Ke7 24. Qf3 Bc6 25. c3 Qf7 26. cxd4 Bxd4 27. Be3 Bxb2 28. Rab1 Bc3 29. Bc5+ Kd7 30. d4 Bxd4 31. Bxd4 exd4 32. Nf4 Rag8 33. Ng6 Rh6 34. Qa3 Ra8 35. Rfe1 Rxg6 36. fxg6 Qxg6 37. Qe7+ Kc8 38. Rbc1 1-0


[Site "https://www.chess.com"]

[Event "Titled Tuesday Blitz January 31 Early 2023"]
[White "Antonica, Dragos-Andrei"]
[Black "Forgacs, Attila Jr."]
[WhiteFideId "1246372"]
[BlackFideId "773654"]
[WhiteElo "2373"]
[BlackElo "2264"]
[Result "1-0"]
[Round "04"]
[TimeControl "180+2"]
[Date "2023.01.31"]
[WhiteClock "0:01:21"]
[BlackClock "0:00:01"]

1. d4 Nf6 2. c4 e6 3. Nc3 Bb4 4. e3 c5 5. a3 Bxc3+ 6. bxc3 b6 7. Bd3 Bb7 8. Nf3 Ne4 9. O-O Nxc3 10. Qc2 Bxf3 11. gxf3 Qg5+ 12. Kh1 Qh5 13. Rg1 Qxf3+ 14. Rg2 Nd1 15. Kg1 cxd4 16. Be4 Qh5 17. Bxa8 Nc3 18. Bb2 Ne2+ 19. Kh1 Nc6 20. Re1 Ne5 21. Qxe2 Qh6 22. Bxd4 Ng6 23. Be4 Nh4 24. Bxg7 Nxg2 25. Bxh6 Nxe1 26. Qxe1 Rg8 27. Qb4 1-0


[Site "https://www.chess.com"]

[Event "Titled Tuesday Blitz January 31 Early 2023"]
[White "Weetik, Vjacheslav"]
[Black "Battlecruiser_Operational"]
[WhiteFideId "4153472"]
[WhiteElo "2423"]
[BlackElo "2422"]
[Result "1-0"]
[Round "04"]
[TimeControl "180+2"]
[Date "2023.01.31"]
[WhiteClock "0:00:04"]
[BlackClock "0:00:01"]

1. d4 e6 2. Nf3 f5 3. g3 Nf6 4. Bg2 Be7 5. c4 O-O 6. d5 Qe8 7. Nc3 a5 8. O-O Na6 9. Nd4 Nc5 10. Ndb5 Bd8 11. d6 c6 12. Nc7 Bxc7 13. dxc7 Qe7 14. Be3 b6 15. a3 Ng4 16. Bd4 e5 17. Bxc5 bxc5 18. Nd5 Qf7 19. Nb6 Ra7 20. Qd6 e4 21. Rad1 Nf6 22. f3 e3 23. f4 Re8 24. Rd3 Rb7 25. Qxc5 Qe6 26. Rf3 Ne4 27. Qxe3 Rxc7 28. c5 Qa2 29. b4 axb4 30. axb4 Ba6 31. Ra3 Qb1+ 32. Rf1 Qxb4 33. Rxa6 1-0


[Site "https://www.chess.com"]

[Event "Titled Tuesday Blitz January 31 Early 2023"]
[White "Sanchez, Robert"]
[Black "Ambartsumova, Karina"]
[WhiteFideId "2034360"]
[BlackFideId "4166299"]
[WhiteElo "1966"]
[BlackElo "2393"]
[Result "0-1"]
[Round "04"]
[TimeControl "180+2"]
[Date "2023.01.31"]
[WhiteClock "0:00:44"]
[BlackClock "0:01:11"]

1. e4 e5 2. Nf3 Nc6 3. Bb5 a6 4. Ba4 Nf6 5. O-O Be7 6. Re1 b5 7. Bb3 O-O 8. c3 d5 9. exd5 Nxd5 10. d3 Bb7 11. Qe2 Bf6 12. Na3 Re8 13. Nc2 Qd7 14. a3 Rad8 15. Ng5 Bxg5 16. Bxg5 f6 17. Be3 Kh8 18. Rad1 Qf5 19. Nb4 Ncxb4 20. axb4 Qg6 21. f3 Nf4 22. Bxf4 exf4 23. Qf2 Rxe1+ 24. Qxe1 Bxf3 25. Rd2 Bb7 26. Qe7 Re8 27. Qxc7 Re1+ 28. Kf2 Qxg2+ 29. Kxe1 Qg1+ 30. Ke2 f3# 0-1


[Site "https://www.chess.com"]

[Event "Titled Tuesday Blitz January 31 Early 2023"]
[White "Mammadzada, Gunay"]
[Black "Gonzalez, Francisco Silva"]
[WhiteFideId "13403729"]
[BlackFideId "1512285"]
[WhiteElo "2449"]
[BlackElo "2021"]
[Result "1-0"]
[Round "04"]
[TimeControl "180+2"]
[Date "2023.01.31"]
[WhiteClock "0:00:50"]
[BlackClock "0:02:08"]

1. e4 e5 2. Nf3 Nc6 3. Bb5 g6 4. O-O Bg7 5. c3 a6 6. Ba4 Nge7 7. d4 exd4 8. cxd4 O-O 9. d5 b5 10. Bc2 Na5 11. Bd2 Nc4 12. Bc3 Nxb2 13. Qe1 Bxc3 14. Qxc3 Nc4 15. Nbd2 Nxd2 16. Qxd2 c5 17. Qh6 f6 18. e5 Rf7 19. exf6 Rxf6 20. Ng5 Rf7 21. Nxf7 Kxf7 22. Qxh7+ Kf6 23. d6 Nf5 24. Bxf5 Kxf5 25. Qh3+ Kg5 26. f4+ 1-0


[Site "https://www.chess.com"]

[Event "Titled Tuesday Blitz January 31 Early 2023"]
[White "Bosnjak, Petar"]
[Black "Krzywda, Andrzej"]
[WhiteFideId "14532581"]
[BlackFideId "1114565"]
[WhiteElo "2337"]
[BlackElo "2223"]
[Result "1-0"]
[Round "04"]
[TimeControl "180+2"]
[Date "2023.01.31"]
[WhiteClock "0:01:43"]
[BlackClock "0:00:40"]

1. d4 Nf6 2. c4 c5 3. dxc5 Na6 4. Nc3 Nxc5 5. Nf3 g6 6. e3 Bg7 7. Be2 O-O 8. O-O b6 9. Nd4 Bb7 10. b3 d5 11. cxd5 Nxd5 12. Nxd5 Bxd5 13. Bb2 Rc8 14. b4 Ne4 15. Ba6 Rb8 16. Rc1 Qd6 17. Nb5 Qd7 18. Bxg7 Kxg7 19. Rc7 Qe6 20. Qd4+ f6 21. Rxa7 Rfd8 22. Nc7 Qf5 23. Nxd5 Rxd5 24. Rxe7+ Kh8 25. Qxe4 Qg5 26. Be2 Rdd8 27. Bf3 h5 28. h4 Qh6 29. Qe6 Qf8 30. Qf7 1-0


[Site "https://www.chess.com"]

[Event "Titled Tuesday Blitz January 31 Early 2023"]
[White "Babikov, Ivan"]
[Black "Kim, Sergey"]
[WhiteFideId "4161106"]
[BlackFideId "13700570"]
[WhiteElo "2239"]
[BlackElo "2295"]
[Result "0-1"]
[Round "04"]
[TimeControl "180+2"]
[Date "2023.01.31"]
[WhiteClock "0:00:43"]
[BlackClock "0:01:05"]

1. d4 Nf6 2. Bg5 g6 3. Bxf6 exf6 4. e4 h5 5. c3 d6 6. Nf3 h4 7. h3 f5 8. e5 dxe5 9. Nxe5 Bg7 10. Nf3 O-O 11. Be2 Nd7 12. Qd2 Nf6 13. O-O Ne4 14. Qc2 c5 15. Nbd2 cxd4 16. cxd4 Nxd2 17. Qxd2 Be6 18. Rfd1 Bd5 19. Qf4 Re8 20. Rd2 Re4 21. Qg5 Bf6 22. Qh6 Rc8 23. Bd3 Re8 24. Qf4 Bxf3 25. gxf3 Bg5 26. Qh2 Bxd2 27. Kh1 Qxd4 28. Bxf5 Rc1+ 29. Rxc1 Bxc1 30. Bc2 Re1+ 31. Kg2 Re2 32. Qb8+ Kg7 0-1


[Site "https://www.chess.com"]

[Event "Titled Tuesday Blitz January 31 Early 2023"]
[White "Estrada Nieto, Julian"]
[Black "Najdin, Danil"]
[WhiteFideId "5101018"]
[BlackFideId "4172426"]
[WhiteElo "2215"]
[BlackElo "2235"]
[Result "0-1"]
[Round "04"]
[TimeControl "180+2"]
[Date "2023.01.31"]
[WhiteClock "0:00:13"]
[BlackClock "0:00:08"]

1. e4 g6 2. d4 c6 3. Nc3 d5 4. h3 Bg7 5. Nf3 Nf6 6. Bd3 dxe4 7. Nxe4 Nxe4 8. Bxe4 Nd7 9. O-O Nf6 10. Bd3 O-O 11. Re1 Be6 12. Rxe6 fxe6 13. Ng5 Qd6 14. Qe2 Nd5 15. Nxe6 Rf6 16. Nxg7 Kxg7 17. Bg5 Re6 18. Qd2 Rf8 19. Bh6+ Kg8 20. Bxf8 Kxf8 21. Bc4 Re4 22. Re1 Rxe1+ 23. Qxe1 Qf4 24. c3 Kf7 25. g3 Qf5 26. Kg2 e6 27. Qe2 Qb1 28. Bxd5 cxd5 29. a3 a6 30. h4 h5 31. Qd2 Qe4+ 32. Kg1 Qb1+ 33. Kh2 Qf1 34. Qe3 b5 35. Qf3+ Ke7 36. Qf4 Qe2 37. Qg5+ Kf7 38. Qf4+ Ke7 39. Kg2 Qxb2 40. Qc7+ Kf6 41. Qd8+ Kf7 42. Qd7+ Kf6 43. Qd8+ Kf7 44. Qa5 Qb3 45. Qc7+ Kf6 46. Qd8+ Kf7 47. Qa5 Qc4 48. Qxa6 Qxc3 49. Qa7+ Kf6 50. Qb6 Qxa3 51. Qxb5 Qc3 52. Qb6 Kf5 53. Qa7 Ke4 54. Qf7 Kxd4 55. Qxe6 Qd3 56. Qb6+ Kc3 57. Qa5+ Kc2 58. Qa2+ Kd1 59. Qa1+ Kd2 60. Qb2+ Kd1 61. Qa1+ Kc2 62. Qa4+ Kc3 63. Qf4 Qe4+ 64. Qxe4 dxe4 65. Kf1 Kd2 66. Kg2 Ke2 67. Kg1 Kf3 68. Kh2 Kxf2 69. Kh3 e3 70. g4 e2 71. g5 e1=Q 72. Kh2 Qg1+ 0-1


[Site "https://www.chess.com"]

[Event "Titled Tuesday Blitz January 31 Early 2023"]
[White "Fiorito, Francisco"]
[Black "Kirillov, Dmitry"]
[WhiteFideId "180165"]
[BlackFideId "34180572"]
[WhiteElo "2305"]
[BlackElo "2179"]
[Result "1-0"]
[Round "04"]
[TimeControl "180+2"]
[Date "2023.01.31"]
[WhiteClock "0:01:50"]
[BlackClock "0:00:03"]

1. Nf3 d5 2. g3 c5 3. Bg2 Nc6 4. d4 Nf6 5. O-O cxd4 6. Nxd4 e5 7. Nxc6 bxc6 8. c4 Be6 9. Nc3 Rc8 10. Bg5 d4 11. Ne4 Be7 12. Nxf6+ gxf6 13. Bh6 Bxc4 14. Qa4 Bd5 15. Qxa7 Bxg2 16. Kxg2 Qd7 17. Qa6 c5 18. b3 Qc6+ 19. Qxc6+ Rxc6 20. Rac1 Kd7 21. Rc4 Ra8 22. Rc2 Ke6 23. g4 Kd5 24. f3 c4 25. Rfc1 c3 26. Rd1 Ba3 27. Rd3 Bb2 28. h4 Rxa2 29. g5 f5 30. e3 Ra3 31. Bg7 Rxb3 32. exd4 exd4 33. Rxd4+ Ke6 34. Re2# 1-0


[Site "https://www.chess.com"]

[Event "Titled Tuesday Blitz January 31 Early 2023"]
[White "Slade, Theodore"]
[Black "Buscar, Michael"]
[WhiteFideId "426547"]
[BlackFideId "2603616"]
[WhiteElo "1995"]
[BlackElo "2041"]
[Result "1-0"]
[Round "04"]
[TimeControl "180+2"]
[Date "2023.01.31"]
[WhiteClock "0:00:35"]
[BlackClock "0:00:10"]

1. d4 Nf6 2. c4 e6 3. g3 c5 4. d5 exd5 5. cxd5 d6 6. Nc3 g6 7. Bg2 Bg7 8. Nf3 O-O 9. O-O Na6 10. Nd2 Nc7 11. a4 b6 12. Nc4 Ba6 13. Qb3 Re8 14. Bf4 Bxc4 15. Qxc4 Qd7 16. e4 Ng4 17. Qe2 Ne5 18. Rac1 a6 19. Nd1 b5 20. axb5 axb5 21. b4 c4 22. Bxe5 Bxe5 23. f4 Bd4+ 24. Kh1 Ra4 25. Qd2 Bg7 26. Ne3 Rea8 27. f5 Ra2 28. Rc2 Rxc2 29. Qxc2 Bd4 30. Ng4 Ne8 31. fxg6 hxg6 32. Nh6+ Kg7 33. Nxf7 Qxf7 34. Rxf7+ Kxf7 35. Bh3 Ra1+ 36. Kg2 Nf6 37. Be6+ Ke7 38. Qd2 Be5 39. Qh6 Ra2+ 40. Kh3 Nxe4 41. Qh7+ Kf6 42. Qh8+ Kg5 43. Qh4# 1-0


[Site "https://www.chess.com"]